 Dungeon Crawl Stone Soup version 0.27.0-1-g7a089689b8 (webtiles) character file.

Game seed: 1953845522932589300

85 Brandom the Skirmisher (level 4, -6/37 HPs)
             Began as a Formicid Abyssal Knight on Aug 9, 2021.
             Was a Believer of Lugonu.
             Mangled by a gnoll (13 damage)
             ... on level 3 of the Dungeon.
             The game lasted 00:04:39 (2606 turns).

Brandom the Skirmisher (Formicid Abyssal Knight)    Turns: 2606, Time: 00:04:40

Health: -6/37      AC:  4    Str: 18    XL:     4   Next: 75%
Magic:  6/6        EV: 11    Int: 11    God:    Lugonu [**....]
Gold:   61         SH:  0    Dex: 10    Spells: 3/3 levels left

rFire    . . .     SeeInvis +   a - +1 hand axe
rCold    . . .     Faith    .   (no shield)
rNeg     . . .     Spirit   .   b - +0 leather armour
rPois    .         Reflect  .   (helmet unavailable)
rElec    .         Harm     .   (no cloak)
rCorr    .         Rampage  .   l - +0 pair of gloves
Will     .....                  (no boots)
Stlth    +.........             (no amulet)
HPRegen  0.12/turn              (no ring)
MPRegen  0.10/turn              (no ring)

@: no status effects
A: permanent stasis, dig shafts and tunnels, antennae 3, four strong arms
a: Dig, Shaft Self, Renounce Religion, Depart the Abyss, Bend Space


You were on level 3 of the Dungeon.
You worshipped Lugonu.
Lugonu was pleased with you.
You visited 1 branch of the dungeon, and saw 3 of its levels.
You visited the Abyss 1 time.

You collected 61 gold pieces.

Inventory:

Hand Weapons
 a - a +1 hand axe (weapon)
Armour
 b - a +0 leather armour (worn)
 l - a +0 pair of gloves (worn)
   (You found it on level 2 of the Dungeon)
Scrolls
 c - a scroll of immolation {!r}
 f - a scroll of blinking {unknown}
 g - a scroll of teleportation {@r4}
 h - a scroll of holy word {unknown}
 j - a scroll of vulnerability {!r}
 k - a scroll of noise {unknown}
Potions
 d - 2 potions of magic {unknown}
 e - a potion of curing {unknown}
 i - a potion of mutation {unknown}
 m - a potion of attraction {unknown}


   Skills:
 + Level 3.7 Fighting
 * Level 3.1 Axes
 + Level 2.8 Armour
 + Level 1.5 Dodging
 + Level 3.0 Invocations


You had 3 spell levels left.
You didn't know any spells.
Your spell library contained the following spells:

 Spells                   Type           Power      Damage    Failure   Level
 Stone Arrow              Conj/Erth      0%         3d7       77%         3
 Bolt of Magma            Conj/Fire/Erth 0%         4d4       100%        5
 Shatter                  Erth           0%         3d5*      100%        9


Dungeon Overview and Level Annotations

Branches:
Dungeon (3/15)

Altars:

Shops:
D:1 =   D:2 =


Innate Abilities, Weirdness & Mutations

You cannot be hasted, slowed, berserked, paralysed or teleported.
You can dig through walls and to a lower floor.
You have a pair of large antennae on your head. (SInv)
Your four strong arms can wield two-handed weapons with a shield.


Message History

No target in view!
No target in view!
No target in view!
No target in view!
No target in view!
No target in view!
No target in view!
No target in view!
No target in view!
No target in view!
No target in view!
A sky beast is nearby!
There is a stone staircase leading up here.
You climb upwards.
There is a stone staircase leading down here.
There is a stone staircase leading down here.
You see here a +0 club.
There is a stone staircase leading down here.
You climb downwards.
There is a stone staircase leading up here.
You sense a monster nearby.
You sense a monster nearby. 2 gnolls come into view.
The gnoll shouts! x2
A gnoll comes into view. It is wielding a +0 halberd.
The gnoll moves out of view.
The gnoll shouts!
The gnoll misses you.
You barely miss the gnoll. The gnoll barely misses you.
The gnoll closely misses you.
The gnoll hits you from afar with a +0 halberd!
You slash the gnoll! The gnoll closely misses you. The gnoll barely misses you.
You slash the gnoll!
You kill the gnoll!
Lugonu accepts your kill.
A sky beast comes into view.
The gnoll hits you but does no damage.
Your Invocations skill increases to level 3!
The gnoll hits you but does no damage.
You barely miss the gnoll. The gnoll closely misses you. The gnoll misses you.
You hit the gnoll. The gnoll barely misses you. x2
You hit the gnoll. The gnoll barely misses you.
The gnoll hits you with a +0 halberd!
You closely miss the gnoll.
The gnoll hits you from afar with a +0 spear!
* * * LOW HITPOINT WARNING * * *
The gnoll hits you with a +0 halberd.
* * * LOW HITPOINT WARNING * * *
The gnoll hits you from afar with a +0 halberd!
You die...

......#
.Y...
..... ...
... #g#
### #)#
#<#
#.######.#
#..gg.@..#
##########
{ {


You could see 2 gnolls.

Vanquished Creatures
  A gnoll (D:3)
  2 worms (D:2)
  3 dart slugs
  2 endoplasms (D:2)
  A giant cockroach (D:1)
  8 goblins
  6 hobgoblins
  10 jackals
  2 kobolds (D:1)
  2 quokkas (D:2)
  5 ball pythons
  4 bats
  4 frilled lizards
  7 rats
57 creatures vanquished.

Notes
Turn   | Place    | Note
-------+----------+-------------------------------------------
     0 | Abyss:1  | Brandom the Formicid Abyssal Knight began the quest for the
                  | Orb.
     0 | Abyss:1  | Reached XP level 1. HP: 18/18 MP: 2/2
    69 | Abyss:1  | Noticed a tentacled starspawn
    84 | Abyss:1  | Noticed a freezing wraith
    86 | D:1      | Escaped the Abyss
   148 | D:1      | Found a faded altar of an unknown god.
   165 | D:1      | Reached skill level 1 in Dodging
   244 | D:1      | Reached XP level 2. HP: 24/24 MP: 3/3
   311 | D:1      | Reached * piety under Lugonu
   585 | D:1      | Reached XP level 3. HP: 29/29 MP: 4/4
  1065 | D:1      | Found Orchop's Jewellery Emporium.
  1450 | D:2      | Reached ** piety under Lugonu
  1659 | D:2      | Reached XP level 4. HP: 33/35 MP: 6/6
  1901 | D:2      | Found Yrroquen's Jewellery Boutique.
  2479 | D:3      | Noticed a sky beast
  2595 | D:3      | Noticed a sky beast
  2606 | D:3      | Mangled by a gnoll

Illustrated notes

Levels and vault maps discovered:
D:1:      dpeg_arrival_houses_and_road, layout_loops_corners, serial_shops,
          shop, basic_ecumenical_altar, st_stairs_14
D:2:      layout_loops_ring, serial_shops, nicolae_lakefront_shop,
          ebering_dispersal_statue_hall, minmay_fractal_squares_5
D:3:      layout_basic

Skill      XL: |  1  2  3  4 |
---------------+-------------+-----
Dodging        | 1 |  1.5
Axes           | 3 |  3.1
Invocations    | 3 |  3.0
Fighting       | |  3.7
Armour         | |  2.8

Action                   |  1- 3 |  4- 6 || total
-------------------------+-------+-------++-------
Melee: Hand axe          |   113 |    59 ||   172
Invok: Depart the Abyss  |     1 |       ||     1
  Use: Scroll            |       |     3 ||     3
Armor: Leather armour    |    29 |    17 ||    46
Dodge: Dodged            |    72 |    39 ||   111
